 Dungeon Crawl Stone Soup version 0.32-a0-571-gec57dfcd37 (webtiles) character file.

Game seed: 11955572810934223095

919 croobank the Sneak (level 8, 0/52 HPs)
             Began as an Octopode Summoner on Mar 1, 2024.
             Was a Follower of Kikubaaqudgha.
             Slain by Pikel
             ... wielding a +1 whip of flaming
              (1 damage)
             ... on level 5 of the Dungeon.
             The game lasted 00:11:45 (4254 turns).

croobank the Sneak (Octopode Summoner)              Turns: 4254, Time: 00:11:45

Health: 0/52       AC:  1    Str:  8    XL:     8   Next: 9%
Magic:  11/13      EV: 14    Int: 19    God:    Kikubaaqudgha [*.....]
Gold:   191        SH:  0    Dex: 12    Spells: 4/14 levels left

rFire   . . .        e - +1 spear (flame)
rCold   . . .        (no shield)
rNeg    . . .        (helmet restricted)
rPois   .            (no amulet)
rElec   .            (no ring)
rCorr   .            (no ring)
SInv    .            (no ring)
Will    .....        (no ring)
Stlth   ++++         (no ring)
HPRegen 0.28/turn    (no ring)
MPRegen 0.13/turn    (no ring)
                     (no ring)

%: no passive effects
@: inugami summoned
A: almost no armour, amphibious, 8 rings, camouflage 1, gelatinous body 1,
(nimble swimmer 1), tentacles
a: Renounce Religion, Unearth Wretches


You were on level 5 of the Dungeon.
You worshipped Kikubaaqudgha.
Kikubaaqudgha was aware of your devotion.
You visited 1 branch of the dungeon, and saw 5 of its levels.

You collected 191 gold pieces.

Inventory:

Hand Weapons
 c - a +0 dagger
 d - a +2 whip of venom
 e - a +1 spear of flaming (weapon)
 j - a +0 war axe
 l - a +4 short sword
Wands
 p - a wand of polymorph (1)
Scrolls
 b - a scroll of teleportation
 h - a scroll of amnesia
 m - 3 scrolls of fog
 n - a scroll of immolation
Potions
 a - a potion of magic
 i - 2 potions of invisibility {unknown}
 k - a potion of berserk rage {unknown}


   Skills:
 + Level 3.1 Fighting
 + Level 4.2 Dodging
 + Level 5.9 Stealth
 + Level 3.8 Spellcasting
 + Level 5.4 Summonings
 * Level 3.3 Fire Magic


You had 4 spell levels left.
You knew the following spells:

 Your Spells              Type           Power      Damage    Failure   Level
a - Summon Small Mammal   Summ           96%        N/A       1%          1
b - Call Imp              Summ           48%        N/A       2%          2
c - Call Canine Familiar  Summ           24%        N/A       4%          3
d - Summon Blazeheart Go  Fire/Summ      20%        N/A       22%         4

Your spell library contained the following spells:

 Spells                   Type           Power      Damage    Failure   Level
 Necrotise                Necr           12%        1d4       14%         1
 Cigotuvi's Dreadful Rot  Necr/Alch/Air  6%         N/A       22%         2
 Vampiric Draining        Necr           3%         2d6       38%         3
 Summon Lightning Spire   Summ/Air       14%        N/A       41%         4
 Animate Dead             Necr           3%         N/A       80%         4


Dungeon Overview and Level Annotations

Branches:
Dungeon (5/15)
 Temple: D:4-7

Altars:
Hepliaklqana
Kikubaaqudgha
Trog

Annotations:
D:5 Pikel


Innate Abilities, Weirdness & Mutations

You cannot wear most types of armour.
You are amphibious.
You can wear up to eight rings at the same time.
Your skin changes colour to match your surroundings (Stealth+).
Your rubbery body absorbs attacks. (AC +1, EV +1)
((You are camouflaged when in or above water. (Stealth+)))
You have tentacles for arms and can constrict up to eight enemies at once.


Message History

Pikel hits you with a +1 whip of flaming.
Pikel burns you.
Your cerulean imp hits the hound but does no damage.
You hit Pikel but do no damage. You grab Pikel.
Pikel is moderately wounded.
You constrict Pikel. The hound barely misses you.
The hound pauses to sniff the ground.
The hound barely misses you.
Your inugami closely misses the lemure.
The lemure closely misses you. The lemure misses you. Pikel barely misses you.
Your cerulean imp hits the hound from afar with a -2 spear.
You barely miss Pikel.
Pikel is heavily wounded.
You constrict Pikel, but do no damage.
The hound stops to sniff the ground.
The hound misses you.
Your inugami closely misses the lemure.
The lemure barely misses you. The lemure closely misses you.
Pikel barely misses you.
Your cerulean imp closely misses the hound.
The hound bites you.
You hit Pikel but do no damage.
Pikel is heavily wounded.
You constrict Pikel! The hound bites you.
Your inugami hits the lemure but does no damage.
The lemure barely misses you. Pikel closely misses you. The lemure hits you!
* * * LOW HITPOINT WARNING * * *
The lemure barely misses your inugami.
Your cerulean imp hits the hound but does no damage.
You hit Pikel but do no damage.
Pikel is severely wounded.
You constrict Pikel. The hound closely misses you.
Your inugami closely misses the lemure.
The lemure hits you!
* * * LOW HITPOINT WARNING * * *
The lemure hits your inugami but does no damage.
The lemure barely misses you.
Pikel hits you with a +1 whip of flaming!
* * * LOW HITPOINT WARNING * * *
Pikel burns you.
You die...
Pikel says, "See you in Hell!"
Kikubaaqudgha rasps: You have failed me!
Welcome... death!

..... ## .. #.
..#.#.. ...
#.##.....###.##
#.............
#...........#
#...........#
#.>...5K55..#
......h@5h..#
#...........####
.....$5..)......
#..####.#....##
#.........##.#
#.###........#
#........#
#........#
########.##


You could see Pikel, 4 lemures, a hound (ally target), a friendly cerulean imp
(summoned) and a friendly inugami (summoned).

Vanquished Creatures
  Sigmund (D:4)
  Eustachio (D:4)
  A black bear (D:4)
  Natasha (twice) (D:2)
  An adder (D:2)
  A dart slug (D:1)
  A ribbon worm (D:2)
  4 ball pythons
  3 endoplasms
  9 giant cockroaches
  7 goblins
  5 hobgoblins
  2 jackals (D:3)
  2 quokkas (D:3)
  4 bats
  A frilled lizard (D:1)
  7 kobolds
  2 rats
54 creatures vanquished.

Vanquished Creatures (collateral kills)
  Grinder (D:4)
  An ogre (D:5)
  A hound (D:3)
  A bombardier beetle (D:4)
  Natasha (D:2)
  Robin (D:2)
  An adder (D:3)
  2 ribbon worms (D:2)
  3 dart slugs
  An orc (D:3)
  2 ball pythons
  An endoplasm (D:2)
  6 goblins
  3 hobgoblins
  A quokka (D:4)
  4 bats
  3 frilled lizards
  2 kobolds
  3 rats
38 creatures vanquished.

Vanquished Creatures (others)
  A giant cockroach (D:2)
1 creature vanquished.

Grand Total: 93 creatures vanquished

Notes
Turn   | Place    | Note
-------+----------+-------------------------------------------
     0 | D:1      | croobank the Octopode Summoner began the quest for the Orb.
     0 | D:1      | Reached XP level 1. HP: 11/11 MP: 3/3
   215 | D:1      | Reached XP level 2. HP: 12/17 MP: 0/5
   414 | D:1      | Learned a level 2 spell: Call Imp
   737 | D:1      | Reached XP level 3. HP: 21/21 MP: 6/6
   976 | D:2      | Noticed Robin
  1077 | D:2      | Learned a level 3 spell: Call Canine Familiar
  1186 | D:2      | Noticed Natasha
  1194 | D:2      | Killed Natasha
  1195 | D:2      | Reached XP level 4. HP: 27/27 MP: 2/7
  1247 | D:2      | Killed Robin
  1343 | D:2      | Reached skill level 1 in Fighting
  1549 | D:2      | Noticed Natasha
  1554 | D:2      | Killed Natasha
  1555 | D:2      | Reached XP level 5. HP: 33/33 MP: 9/9
  1657 | D:2      | Noticed Natasha
  1663 | D:2      | Killed Natasha
  1815 | D:3      | Found a bloodstained altar of Trog.
  2206 | D:3      | Learned a level 4 spell: Summon Blazeheart Golem
  2269 | D:3      | Found a faded altar of an unknown god.
  2335 | D:3      | Prayed at the altar of an unknown god.
  2335 | D:3      | Became a worshipper of Kikubaaqudgha
  2335 | D:3      | Reached * piety under Kikubaaqudgha
  2335 | D:3      | Received a gift from Kikubaaqudgha
  2470 | D:3      | Reached XP level 6. HP: 39/39 MP: 10/10
  2805 | D:4      | Noticed a black bear
  2809 | D:4      | Killed a black bear
  2810 | D:4      | Reached skill level 1 in Fire Magic
  2921 | D:4      | Noticed Sigmund
  2941 | D:4      | Killed Sigmund
  2942 | D:4      | Reached skill level 5 in Stealth
  2942 | D:4      | Reached skill level 5 in Summonings
  2942 | D:4      | Reached XP level 7. HP: 13/45 MP: 6/12
  3214 | D:4      | Noticed Grinder
  3215 | D:4      | Paralysed by Grinder for 2 turns
  3229 | D:4      | Killed Grinder
  3550 | D:4      | Found a hazy altar of Hepliaklqana.
  3894 | D:4      | Noticed Eustachio
  3926 | D:4      | Killed Eustachio
  4115 | D:5      | Entered Level 5 of the Dungeon
  4134 | D:5      | Reached XP level 8. HP: 52/52 MP: 5/13
  4193 | D:5      | Noticed Blork the orc
  4196 | D:5      | Blork the orc changed into Blork the dart slug
  4196 | D:5      | Noticed Blork
  4201 | D:5      | Killed Blork the dart slug
  4244 | D:5      | Noticed Pikel
  4254 | D:5      | HP: 1/52 [Pikel/+1 whip of flaming (8)]
  4254 | D:5      | Slain by Pikel

Illustrated notes

Levels and vault maps discovered:
D:1:      amcnicky_arrival_double_pillar, layout_loops_ring
D:2:      layout_basic, hex_intersection, uniq_natasha, uniq_robin
D:3:      layout_loops_ring, mainiacjoe_overflow_24_doors, gup_sewer_entry_pipe,
          hellmonk_ecumenical_altar_blasted
D:4:      layout_layer_cave, mainiacjoe_overflow_alcove_1, uniq_eustachio,
          uniq_sigmund, uniq_grinder
D:5:      layout_rooms, gammafunk_temple_overflow_statue, uniq_pikel,
          uniq_blork_the_orc, uniq_crazy_yiuf_cottage

Skill      XL: |  1  2  3  4  5  6  7 |
---------------+----------------------+-----
Stealth        | 3 4 5 |  5.9
Fighting       | 1 2 3 |  3.1
Dodging        | 3 4 |  4.2
Spellcasting   | 3 |  3.8
Fire Magic     | 1 3 |  3.3
Summonings     | 5 |  5.4

Action                     |  1- 3 |  4- 6 |  7- 9 || total
---------------------------+-------+-------+-------++-------
  Melee: Unarmed           |    12 |       |       ||    12
         Constrict         |     9 |    14 |     4 ||    27
         Tentacles         |     5 |     9 |     5 ||    19
         Spear             |    22 |    61 |    18 ||   101
         Dagger            |     3 |       |       ||     3
         Short sword       |       |    22 |       ||    22
   Cast: Summon Small Mamm |    26 |    12 |    10 ||    48
         Call Imp          |     3 |     7 |     5 ||    15
         Call Canine Famil |     1 |     6 |     4 ||    11
         Summon Blazeheart |       |       |     1 ||     1
  Evoke: Wand              |       |       |     3 ||     3
    Use: Scroll            |       |     5 |     3 ||     8
         Potion            |       |       |     2 ||     2
   Stab: Sleeping          |     5 |    12 |     1 ||    18
         Distracted        |     1 |     1 |       ||     2
 Armour: Skin              |    12 |    39 |    23 ||    74
  Dodge: Dodged            |    18 |    39 |    32 ||    89

Table legend: (Time is in decaauts)
 A = Elapsed time spent in this place.
 B = Non-inter-level travel time spent in this place.
 C = Inter-level travel time spent in this place.
 D = Time resting spent in this place.
 E = Time spent auto-exploring this place.
 F = Levels seen in this place.
 G = Mean time per level.
                   A        B        C        D        E       F      G
               +--------+--------+--------+--------+--------+-----+--------+
         Total |   4262 |   4121 |    141 |    481 |   2830 |   5 |  852.4 |
       Dungeon |   4262 |   4121 |    141 |    481 |   2830 |   5 |  852.4 |
               +--------+--------+--------+--------+--------+-----+--------+

Top non-repeatable levels by time:
     D:4: 1471 daAuts
     D:1: 1031 daAuts
     D:3: 941 daAuts
     D:2: 678 daAuts
     D:5: 139 daAuts
